 Dungeon Crawl Stone Soup version 0.17-b1-15-g0f5fb43 (webtiles) character file.

17249 Eucla the Fighter (level 12, -2/111 HPs)
             Began as a Minotaur Gladiator on Nov 8, 2015.
             Was a Priest of Qazlal.
             Slain by a spiny frog (16 damage)
             ... on level 3 of the Lair of Beasts.
             The game lasted 00:21:36 (12538 turns).

Eucla the Fighter (Minotaur Gladiator)             Turns: 12538, Time: 00:21:36

Health: -2/111     AC: 21    Str: 24    XL:     12   Next: 17%
Magic:  16/16      EV: 15    Int:  5    God:    Qazlal [***...]
Gold:   395        SH:  4    Dex: 17    Spells: 0 memorised, 11 levels left

rFire  + . .     SeeInvis .     a - +1 quarterstaff
rCold  + . .     Clarity  .     T - +3 chain mail {rF+}
rNeg   . . .     SustAt   .     (shield currently unavailable)
rPois  .         Gourm    +     c - +0 hat
rElec  .         Spirit   .     Q - +0 cloak
rCorr  .         Warding  .     h - +2 pair of gloves
rMut   .         Stasis   .     J - +0 pair of boots
MR     ++...                    A - amulet "Tastryamp" {Gourm rC+ MR+}
Stlth  ..........               B - +5 ring of strength
                                R - ring of protection from magic

@: lethally poisoned (-2 -> -8), very resistant to hostile enchantments,
extremely unstealthy
A: retaliatory headbutt, horns 2
a: Upheaval, Elemental Force, Renounce Religion


You were on level 3 of the Lair of Beasts.
You worshipped Qazlal.
Qazlal was most pleased with you.
You were full.

You visited 3 branches of the dungeon, and saw 14 of its levels.

You collected 776 gold pieces.
You spent 381 gold pieces at shops.

Inventory:

Hand Weapons
 a - a +1 quarterstaff (weapon)
Missiles
 d - a throwing net (quivered)
Armour
 c - a +0 hat (worn)
 h - a +2 pair of gloves (worn)
 J - a +0 pair of boots (worn)
 Q - a +0 cloak (worn)
 T - a +3 chain mail of fire resistance (worn)
Jewellery
 v - an uncursed ring of sustain attributes
 y - an uncursed ring of fire
 A - the amulet "Tastryamp" (around neck) {Gourm rC+ MR+}
   (You found it on level 4 of the Dungeon)

   [amulet of the gourmand]

   It allows you to eat raw meat even when not hungry.
   It protects you from cold.
   It affects your resistance to hostile enchantments.
 B - a +5 ring of strength (right hand)
 P - an uncursed ring of ice
 R - a ring of protection from magic (left hand)
 X - an uncursed amulet of resist mutation
Wands
 b - a wand of frost (38)
 k - a wand of teleportation (5)
 l - a wand of slowing (20)
 r - a wand of digging (7)
 t - a wand of fire (15)
 D - a wand of heal wounds (8)
 Y - a wand of invisibility (2)
Scrolls
 g - 10 scrolls of remove curse
 i - a scroll of identify
 m - 2 scrolls of fog
 n - 2 scrolls of teleportation
 s - 3 scrolls of recharging
 I - a scroll of enchant weapon
 K - 2 scrolls of magic mapping
 L - a scroll of enchant armour
 U - a scroll of random uselessness
Potions
 j - 2 potions of agility
 o - a potion of curing
 p - 2 potions of heal wounds
 q - 2 potions of invisibility
 u - 2 potions of haste
 z - 2 potions of flight
 F - a potion of magic
 G - a potion of resistance
 S - a potion of cure mutation {unknown}
 W - a potion of lignification {unknown}
 Z - a potion of degeneration {unknown}
Miscellaneous
 f - a box of beasts
 V - a box of beasts
Comestibles
 e - 16 bread rations
 w - 3 meat rations
 M - 3 fruits


   Skills:
 + Level 11.6 Fighting
 + Level 11.4 Staves
 - Level 2.0 Throwing
 + Level 10.7 Armour
 + Level 10.7 Dodging
 + Level 7.7 Invocations


You had 11 spell levels left.
You didn't know any spells.

Dungeon Overview and Level Annotations

Branches:
Dungeon (10/15)            Temple (1/1) D:6            Lair (3/8) D:10
    Orc (0/4) D:10
  Swamp: Lair:3-6    Shoals: Lair:3-6     Snake: Lair:3-6    Spider: Lair:3-6

Altars:
Ashenzari
Cheibriados
Dithmenos
Elyvilon
Fedhas
Gozag
Kikubaaqudgha
Makhleb
Nemelex Xobeh
Okawaru
Qazlal
Ru
Sif Muna
Trog
Vehumet
Xom
Yredelemnul
Zin
The Shining One

Shops:
D:8 }}=[


Innate Abilities, Weirdness & Mutations

You reflexively headbutt those who attack you in melee.
You have a pair of horns on your head.


Message History

Unknown command.
You hit the vampire mosquito.
The vampire mosquito is almost destroyed.
The vampire mosquito bites you but does no damage.
Unknown command.
You sock the vampire mosquito!
You destroy the vampire mosquito!
Qazlal accepts your kill.
Unknown command.
You are too injured to fight recklessly!
You are too injured to fight recklessly!
You are too injured to fight recklessly!
You are too injured to fight recklessly!
You are too injured to fight recklessly!
Unknown command.
The spiny frog stings you!
* * * LOW HITPOINT WARNING * * *
You are poisoned.
The spiny frog poisons you! The spiny frog stings you!
You die...

#### #### ###.####.###.##
##.######..###..#.#.P.P.#.P#
............................
.........#.......#.........#
....#§.###............#....##
..###...#...###.##..........
..##.....#.......#....#....# .#
...##...#####.##F#..†.##...# .P#
..###..... #.#.@......#...##.#
..#...........####....##......#
...#.............†.†..#†....P.#
....................†.......#
...........P.........†P#...#...#
........###.P.#.......##...# .
.. .# #............# ..
#............# ..
#.............#


You could see a spiny frog.

Vanquished Creatures
  An unseen horror (D:10)
  2 hill giants (D:10)
  2 oklob plants (D:10)
  Maurice (D:9)
  2 black mambas
  Psyche (D:9)
  3 komodo dragons
  4 spiny frogs
  The ghost of busb the Caller, a novice KoSu of Qazlal (D:4)
  A two-headed ogre (D:9)
  A troll (D:10)
  5 blink frogs (Lair:3)
  A spriggan (D:9)
  A wraith (D:10)
  10 yaks
  Grum (D:10)
  5 hippogriffs
  3 basilisks
  2 hungry ghosts
  A vampire mosquito (Lair:3)
  3 wolves (D:10)
  3 water moccasins
  5 porcupines
  7 orc warriors
  2 ice beasts
  A sky beast (D:6)
  A phantom (D:7)
  2 ogres
  2 crocodiles
  5 centaurs
  5 big kobolds (D:10)
  5 gnoll sergeants (D:10)
  16 giant frogs
  2 scorpions (D:8)
  15 killer bees
  3 crimson imps
  4 electric eels (D:10)
  6 hounds
  A giant frog skeleton (D:10)
  2 giant frog zombies
  A jelly (D:5)
  A gnoll shaman (D:7)
  9 orc wizards
  Crazy Yiuf (D:7)
  4 orc priests
  4 iguanas
  A quasit (D:9)
  2 worker ants (D:9)
  A killer bee zombie (D:6)
  5 sheep (Lair:2)
  18 gnolls
  12 adders
  A shadow imp (D:9)
  2 adder zombies
  An ooze (D:1)
  6 worms
  An adder skeleton (D:7)
  7 giant geckos
  35 orcs
  2 ball pythons
  6 giant cockroaches
  11 hobgoblins
  8 jackals
  7 quokkas
  7 bats
  A giant gecko skeleton (D:4)
  4 giant gecko zombies
  5 giant newts
  3 goblins
  11 kobolds
  11 rats
  2 fungi (Lair:2)
  A plant (D:10)
329 creatures vanquished.

Vanquished Creatures (others)
  9 plants (D:10)
9 creatures vanquished.

Grand Total: 338 creatures vanquished

Notes
Turn   | Place    | Note
--------------------------------------------------------------
     0 | D:1      | Eucla the Minotaur Gladiator began the quest for the Orb.
     0 | D:1      | Reached XP level 1. HP: 18/18 MP: 0/0
   127 | D:1      | Reached XP level 2. HP: 16/25 MP: 1/1
   381 | D:1      | Reached skill level 4 in Staves
   540 | D:1      | Reached skill level 1 in Armour
   637 | D:1      | Reached XP level 3. HP: 31/31 MP: 2/2
  1289 | D:2      | Reached XP level 4. HP: 36/38 MP: 3/3
  2094 | D:3      | Reached XP level 5. HP: 44/46 MP: 4/4
  2662 | D:4      | Reached skill level 5 in Staves
  2703 | D:4      | Got a pitted steel amulet
  2717 | D:4      | Identified the amulet "Tastryamp" {Gourm rC+ MR+} (You found it on level 4 of the Dungeon)
  2792 | D:4      | Reached XP level 6. HP: 49/52 MP: 5/5
  2909 | D:4      | Noticed busb's ghost (novice KoSu)
  2925 | D:4      | Killed busb's ghost
  2925 | D:4      | Reached skill level 5 in Fighting
  2925 | D:4      | Reached skill level 5 in Dodging
  2925 | D:4      | Reached XP level 7. HP: 47/61 MP: 6/6
  3154 | D:5      | Entered Level 5 of the Dungeon
  3820 | D:6      | Reached skill level 6 in Staves
  3836 | D:6      | Reached skill level 5 in Armour
  4209 | D:6      | Found a staircase to the Ecumenical Temple.
  4224 | Temple   | Entered the Ecumenical Temple
  4378 | Temple   | Became a worshipper of Qazlal Stormbringer
  4458 | D:6      | Reached XP level 8. HP: 60/70 MP: 7/7
  4956 | D:6      | Reached skill level 7 in Staves
  4956 | D:6      | Reached skill level 1 in Invocations
  5212 | D:7      | Reached * piety under Qazlal
  5469 | D:7      | Reached XP level 9. HP: 36/79 MP: 9/9
  5637 | D:7      | Noticed Crazy Yiuf
  5647 | D:7      | Paralysed by Crazy Yiuf for 5 turns
  5655 | D:7      | Killed Crazy Yiuf
  6012 | D:8      | Reached skill level 8 in Staves
  6258 | D:8      | Found Coaxoip's Gadget Emporium.
  6393 | D:8      | Found Sawnaix's Antique Armour Emporium.
  6396 | D:8      | Bought a shiny chain mail for 121 gold pieces
  6423 | D:8      | Found Qioqek's Jewellery Shoppe.
  6522 | D:8      | Found Giffeb's Gadget Shoppe.
  6527 | D:8      | Bought a box of beasts for 260 gold pieces
  6746 | D:8      | Found an iron altar of Okawaru.
  6750 | D:8      | Found an opulent altar of Gozag.
  6817 | D:9      | Reached ** piety under Qazlal
  6901 | D:9      | Noticed Maurice
  7290 | D:9      | Killed Maurice
  7290 | D:9      | Reached skill level 9 in Staves
  7290 | D:9      | Reached XP level 10. HP: 73/90 MP: 10/12
  7409 | D:9      | Noticed Psyche
  7416 | D:9      | Killed Psyche
  7416 | D:9      | Reached skill level 5 in Invocations
  8202 | D:10     | Entered Level 10 of the Dungeon
  8216 | D:10     | Noticed an oklob plant
  8220 | D:10     | Found a staircase to the Lair.
  8250 | D:10     | Killed an oklob plant
  8326 | D:10     | Noticed an oklob plant
  8378 | D:10     | Noticed a hill giant
  8392 | D:10     | Killed a hill giant
  8610 | D:10     | Killed an unseen horror
  8610 | D:10     | Reached skill level 10 in Staves
  8982 | D:10     | Noticed a hill giant
  8993 | D:10     | Killed a hill giant
  8993 | D:10     | Reached skill level 10 in Fighting
  8993 | D:10     | Reached XP level 11. HP: 74/99 MP: 14/14
  9315 | D:10     | Noticed Grum
  9336 | D:10     | Killed Grum
  9729 | D:10     | Killed an oklob plant
 10117 | D:10     | Found a staircase to the Orcish Mines.
 10392 | Lair:1   | Entered Level 1 of the Lair of Beasts
 10460 | Lair:1   | Found a shimmering altar of Xom.
 10467 | Lair:1   | Reached skill level 10 in Armour
 10530 | Lair:1   | Reached *** piety under Qazlal
 10570 | Lair:1   | Reached skill level 10 in Dodging
 10590 | Lair:1   | Reached skill level 11 in Fighting
 12441 | Lair:3   | Reached XP level 12. HP: 81/110 MP: 16/16
 12538 | Lair:3   | Slain by a spiny frog

Action                   |  1- 3 |  4- 6 |  7- 9 | 10-12 || total
-------------------------+-------+-------+-------+-------++-------
Melee: Quarterstaff      |    95 |   129 |   326 |   559 ||  1109
Invok: Upheaval          |       |       |     1 |     5 ||     6
  Use: Potion            |       |       |     2 |     5 ||     7
       Scroll            |       |       |       |    21 ||    21
  Eat: Chunk             |     1 |    21 |    10 |     8 ||    40
       Beef jerky        |       |       |     2 |     1 ||     3
       Meat ration       |       |       |       |     3 ||     3
       Fruit             |       |       |       |     1 ||     1
       Pizza             |       |       |       |     1 ||     1
